[ AOE2 MATCH · #484357658 ]
UnrankedChinese vs Malay
[ REPLAY ANALYSIS · EXTRACTED FROM THE RECORDED GAME ]
Feudal
12:29
Castle
16:11
Imperial
—
| APM avg | 38.9 |
| APM peak | 71 |
| eAPM avg | 21.0 |
| Villagers / military | 65 / 15 |
Focus
⚔️ 33.8% · 🌾 66.2%
Chu Ko Nu ×9 · Iron Pagoda ×5 · Battering Ram ×1
Feudal
11:22
Castle
—
Imperial
—
| APM avg | 50.6 |
| APM peak | 87 |
| eAPM avg | 28.4 |
| Villagers / military | 60 / 15 |
Focus
⚔️ 38.8% · 🌾 61.2%
Archer ×9 · Fishing Ship ×8 · Spearman ×4 · Skirmisher ×2
Feudal
14:04
Castle
17:51
Imperial
—
| APM avg | 29.4 |
| APM peak | 71 |
| eAPM avg | 15.2 |
| Villagers / military | 43 / 4 |
Focus
⚔️ 19.9% · 🌾 80.1%
Mangonel ×2 · Monk ×1 · Scorpion ×1
Feudal
11:17
Castle
19:22
Imperial
—
| APM avg | 61.2 |
| APM peak | 98 |
| eAPM avg | 24.9 |
| Villagers / military | 104 / 15 |
Focus
⚔️ 26.0% · 🌾 74.0%
Knight ×9 · Scout Cavalry ×6
Feudal
13:41
Castle
17:13
Imperial
—
| APM avg | 32.6 |
| APM peak | 76 |
| eAPM avg | 15.6 |
| Villagers / military | 79 / 10 |
Focus
⚔️ 20.6% · 🌾 79.4%
Knight ×10
Feudal
11:56
Castle
—
Imperial
—
| APM avg | 50.0 |
| APM peak | 82 |
| eAPM avg | 27.4 |
| Villagers / military | 52 / 18 |
Focus
⚔️ 27.8% · 🌾 72.2%
Skirmisher ×7 · Archer ×6 · Spearman ×5
Feudal
14:00
Castle
17:32
Imperial
—
| APM avg | 43.2 |
| APM peak | 76 |
| eAPM avg | 24.2 |
| Villagers / military | 106 / 0 |
Focus
⚔️ 32.5% · 🌾 67.5%
Unknown (2550) ×37
Feudal
12:50
Castle
16:21
Imperial
—
| APM avg | 39.8 |
| APM peak | 105 |
| eAPM avg | 25.2 |
| Villagers / military | 111 / 0 |
Focus
⚔️ 45.1% · 🌾 54.9%
Unknown (2562) ×55
Match map
Initial resources + every placement click. Lines = walls · curves = elevation contours. ◆ gold · ⬟ stone · ● berries · ✦ relic · ◌ wall gap
Your base· Open — unwalled flank
[R1] Pume's base· Open — 4t gap
QNA | Apachai Hopachai's base· Open — unwalled flank
Oni.TaToH's base· Open — unwalled flank
ZumZum's base· Open — unwalled flank
Lauth3's base· Open — unwalled flank
[R1] 12Tirador's base· Open — unwalled flank
wR.Moon's base· Open — 9t gap
Smoothed initial terrain · ◌ = detected wall gap · hover for details
Inputs per minute
— [R1] PoXoLo - - [R1] Pume
Build order — [R1] PoXoLo
149 actions detected in the replay
| 0:16 | Build | Town Center |
| 2:26 | Research | Loom |
| 2:54 | Create | Villager (Male) |
| 3:20 | Create | Villager (Male) |
| 3:20 | Create | Villager (Male) |
| 3:47 | Create | Villager (Male) |
| 3:48 | Create | Villager (Male) |
| 3:50 | Build | Lumber Camp |
| 4:23 | Create | Villager (Male) |
| 4:23 | Create | Villager (Male) |
| 4:36 | Create | Villager (Male) |
| 4:54 | Create | Villager (Male) |
| 4:54 | Create | Villager (Male) |
| 5:16 | Create | Villager (Male) |
| 5:16 | Create | Villager (Male) |
| 5:29 | Build | House |
| 5:32 | Build | House |
| 5:46 | Create | Villager (Male) |
| 6:10 | Create | Villager (Male) |
| 6:11 | Create | Villager (Male) |
| 6:25 | Build | House |
| 6:25 | Build | Palisade Wall |
| 6:26 | Build | Palisade Wall |
| 6:32 | Create | Villager (Male) |
| 6:54 | Build | Mill |
| 7:43 | Create | Villager (Male) |
| 8:08 | Create | Villager (Male) |
| 8:26 | Create | Villager (Male) |
| 8:27 | Create | Villager (Male) |
| 8:28 | Create | Villager (Male) |
| 8:41 | Build | Palisade Wall |
| 8:43 | Build | Palisade Wall |
| 8:54 | Create | Villager (Male) |
| 9:21 | Build | Mining Camp |
| 10:19 | Research | Feudal Age |
| 10:19 | Research | Feudal Age |
| 10:32 | Build | House |
| 10:34 | Build | House |
| 11:00 | Create | Villager (Male) |
| 11:01 | Create | Villager (Male) |
| 11:35 | Build | Palisade Wall |
| 11:35 | Build | Palisade Wall |
| 12:29 | Age | Feudal Age |
| 12:31 | Build | Market |
| 12:33 | Build | Blacksmith |
| 13:03 | Build | Outpost |
| 13:31 | Research | Castle Age |
| 13:41 | Build | Palisade Gate |
| 13:47 | Build | Outpost |
| 14:47 | Create | Villager (Male) |
| 15:48 | Create | Villager (Male) |
| 15:57 | Research | Double-Bit Axe |
| 16:11 | Build | Mill |
| 16:11 | Age | Castle Age |
| 16:20 | Build | Castle |
| 17:04 | Build | Outpost |
| 17:13 | Create | Villager (Male) |
| 17:21 | Build | Lumber Camp |
| 17:27 | Create | Villager (Male) |
| 17:31 | Build | Outpost |
| 17:36 | Research | Fletching |
| 17:54 | Create | Chu Ko Nu |
| 17:59 | Build | Lumber Camp |
| 18:11 | Create | Villager (Male) |
| 18:12 | Create | Chu Ko Nu |
| 18:12 | Create | Chu Ko Nu |
| 18:24 | Build | Outpost |
| 18:25 | Create | Villager (Male) |
| 18:42 | Build | Outpost |
| 18:44 | Create | Chu Ko Nu |
| 18:56 | Build | Outpost |
| 19:03 | Build | Mining Camp |
| 19:09 | Create | Chu Ko Nu |
| 19:18 | Build | Siege Workshop |
| 19:28 | Create | Villager (Male) |
| 19:58 | Create | Villager (Male) |
| 20:01 | Create | Villager (Male) |
| 20:03 | Build | Farm |
| 20:04 | Build | Farm |
| 20:09 | Create | Battering Ram |
| 20:14 | Create | Iron Pagoda |
| 20:38 | Create | Chu Ko Nu |
| 20:40 | Create | Chu Ko Nu |
| 20:51 | Build | Farm |
| 20:52 | Build | Farm |
| 21:08 | Create | Iron Pagoda |
| 21:09 | Create | Villager (Male) |
| 21:09 | Create | Villager (Male) |
| 21:26 | Create | Villager (Male) |
| 21:34 | Build | Farm |
| 22:01 | Create | Villager (Male) |
| 22:09 | Create | Villager (Male) |
| 22:13 | Create | Iron Pagoda |
| 22:44 | Create | Villager (Male) |
| 22:54 | Create | Chu Ko Nu |
| 22:57 | Create | Villager (Male) |
| 22:58 | Create | Villager (Male) |
| 23:24 | Build | Town Center |
| 23:30 | Create | Villager (Male) |
| 23:32 | Create | Villager (Male) |
| 23:54 | Create | Villager (Male) |
| 23:54 | Create | Villager (Male) |
| 23:57 | Build | Farm |
| 23:57 | Build | Farm |
| 23:58 | Build | Farm |
| 24:21 | Create | Villager (Male) |
| 24:38 | Research | Bodkin Arrow |
| 24:44 | Build | Monastery |
| 24:47 | Build | House |
| 25:00 | Create | Villager (Male) |
| 25:06 | Create | Villager (Male) |
| 25:06 | Create | Villager (Male) |
| 25:08 | Build | Town Center |
| 25:17 | Build | Outpost |
| 25:20 | Create | Chu Ko Nu |
| 25:30 | Create | Villager (Male) |
| 25:31 | Build | Farm |
| 25:38 | Build | Outpost |
| 25:53 | Create | Villager (Male) |
| 26:06 | Build | Outpost |
| 26:07 | Research | Town Watch |
| 26:20 | Create | Villager (Male) |
| 26:20 | Create | Villager (Male) |
| 26:22 | Build | Farm |
| 26:22 | Build | Farm |
| 26:23 | Build | Farm |
| 26:29 | Research | Horse Collar |
| 26:53 | Create | Villager (Male) |
| 26:58 | Create | Iron Pagoda |
| 27:04 | Create | Villager (Male) |
| 27:17 | Create | Villager (Male) |
| 27:17 | Create | Villager (Male) |
| 27:37 | Build | House |
| 27:43 | Create | Iron Pagoda |
| 27:45 | Create | Villager (Male) |
| 27:46 | Create | Villager (Male) |
| 27:46 | Create | Villager (Male) |
| 27:47 | Research | Wheelbarrow |
| 27:47 | Research | Wheelbarrow |
| 27:56 | Build | Mining Camp |
| 28:09 | Create | Villager (Male) |
| 28:18 | Create | Villager (Male) |
| 28:25 | Create | Villager (Male) |
| 28:25 | Create | Villager (Male) |
| 28:27 | Create | Villager (Male) |
| 28:28 | Build | Farm |
| 28:28 | Build | Farm |
| 28:29 | Build | Farm |
| 28:29 | Build | Farm |
Build order — [R1] Pume
First 150 of 183 actions detected
| 0:14 | Build | Town Center |
| 2:15 | Build | House |
| 2:27 | Build | Palisade Wall |
| 2:30 | Create | Villager (Male) |
| 2:31 | Create | Villager (Male) |
| 2:32 | Create | Villager (Male) |
| 2:33 | Build | Palisade Wall |
| 2:35 | Create | Villager (Male) |
| 2:36 | Build | Palisade Wall |
| 2:39 | Build | Palisade Wall |
| 2:56 | Build | Palisade Wall |
| 3:39 | Create | Villager (Male) |
| 3:39 | Create | Villager (Male) |
| 4:07 | Create | Villager (Male) |
| 4:21 | Build | House |
| 4:29 | Create | Villager (Male) |
| 4:50 | Build | Lumber Camp |
| 4:56 | Create | Villager (Male) |
| 5:02 | Create | Villager (Male) |
| 5:46 | Create | Villager (Male) |
| 6:18 | Create | Villager (Male) |
| 6:24 | Build | House |
| 6:48 | Create | Villager (Male) |
| 6:50 | Build | Palisade Wall |
| 6:55 | Build | Palisade Wall |
| 6:56 | Create | Villager (Male) |
| 6:59 | Build | Palisade Wall |
| 7:01 | Create | Villager (Male) |
| 7:07 | Build | Palisade Wall |
| 7:15 | Build | Palisade Wall |
| 7:21 | Build | Palisade Wall |
| 7:27 | Create | Villager (Male) |
| 7:46 | Create | Villager (Male) |
| 8:08 | Build | Mining Camp |
| 8:37 | Create | Villager (Male) |
| 8:46 | Create | Villager (Male) |
| 8:49 | Build | Palisade Wall |
| 9:12 | Research | Feudal Age |
| 9:12 | Research | Feudal Age |
| 10:00 | Build | House |
| 10:12 | Build | Barracks |
| 10:21 | Create | Villager (Male) |
| 11:22 | Age | Feudal Age |
| 11:25 | Build | Archery Range |
| 11:29 | Research | Loom |
| 11:49 | Create | Villager (Male) |
| 12:04 | Build | Watch Tower |
| 12:05 | Create | Archer |
| 12:05 | Create | Archer |
| 12:15 | Build | Blacksmith |
| 12:16 | Create | Villager (Male) |
| 12:22 | Create | Villager (Male) |
| 12:26 | Build | Palisade Wall |
| 12:27 | Build | Palisade Wall |
| 12:29 | Build | Palisade Wall |
| 12:34 | Create | Archer |
| 12:40 | Create | Archer |
| 12:40 | Create | Villager (Male) |
| 12:49 | Create | Villager (Male) |
| 12:57 | Create | Villager (Male) |
| 13:05 | Create | Villager (Male) |
| 13:13 | Create | Villager (Male) |
| 13:14 | Create | Archer |
| 13:18 | Research | Fletching |
| 13:18 | Research | Fletching |
| 13:19 | Build | House |
| 13:22 | Build | House |
| 13:25 | Build | Palisade Wall |
| 13:31 | Build | House |
| 13:32 | Build | House |
| 13:45 | Build | House |
| 14:01 | Create | Archer |
| 14:10 | Build | House |
| 14:16 | Build | Palisade Wall |
| 14:24 | Create | Villager (Male) |
| 14:31 | Create | Archer |
| 14:39 | Build | Palisade Wall |
| 14:52 | Create | Villager (Male) |
| 14:59 | Create | Villager (Male) |
| 15:04 | Create | Archer |
| 15:05 | Create | Villager (Male) |
| 15:16 | Create | Villager (Male) |
| 15:17 | Create | Villager (Male) |
| 15:39 | Create | Archer |
| 15:49 | Build | Dock |
| 15:53 | Build | Mill |
| 16:18 | Create | Fishing Ship |
| 16:19 | Create | Fishing Ship |
| 16:29 | Build | Mill |
| 16:30 | Create | Villager (Male) |
| 16:39 | Create | Skirmisher |
| 16:43 | Create | Fishing Ship |
| 17:24 | Create | Skirmisher |
| 17:25 | Create | Villager (Male) |
| 17:50 | Build | Mining Camp |
| 17:50 | Create | Villager (Male) |
| 18:04 | Build | Market |
| 18:08 | Create | Fishing Ship |
| 18:23 | Create | Villager (Male) |
| 18:24 | Create | Fishing Ship |
| 18:52 | Create | Villager (Male) |
| 19:03 | Create | Villager (Male) |
| 19:13 | Create | Spearman |
| 19:14 | Create | Spearman |
| 19:24 | Build | Watch Tower |
| 19:43 | Build | Watch Tower |
| 19:45 | Build | House |
| 19:47 | Build | Palisade Wall |
| 20:06 | Create | Villager (Male) |
| 20:11 | Build | Fish Trap |
| 20:14 | Create | Fishing Ship |
| 21:08 | Create | Villager (Male) |
| 21:12 | Build | Fish Trap |
| 21:30 | Create | Villager (Male) |
| 21:34 | Build | Lumber Camp |
| 21:50 | Create | Spearman |
| 21:50 | Create | Spearman |
| 21:51 | Create | Villager (Male) |
| 21:58 | Build | Palisade Wall |
| 22:03 | Build | Palisade Wall |
| 22:08 | Create | Villager (Male) |
| 22:34 | Create | Villager (Male) |
| 22:41 | Research | Wheelbarrow |
| 22:42 | Research | Double-Bit Axe |
| 22:50 | Build | House |
| 22:51 | Build | Palisade Wall |
| 22:55 | Build | Palisade Wall |
| 22:58 | Build | Palisade Wall |
| 23:00 | Build | Palisade Wall |
| 23:06 | Build | House |
| 23:12 | Build | House |
| 23:13 | Build | House |
| 23:17 | Build | Watch Tower |
| 23:18 | Create | Villager (Male) |
| 23:20 | Build | Watch Tower |
| 23:31 | Create | Villager (Male) |
| 23:35 | Create | Villager (Male) |
| 23:41 | Create | Villager (Male) |
| 23:44 | Create | Villager (Male) |
| 23:55 | Build | Fish Trap |
| 24:16 | Build | Farm |
| 24:30 | Build | Palisade Wall |
| 24:32 | Build | House |
| 24:41 | Build | Farm |
| 24:49 | Build | Fish Trap |
| 24:55 | Build | Fish Trap |
| 24:58 | Build | Fish Trap |
| 25:06 | Build | Fish Trap |
| 25:20 | Create | Villager (Male) |
| 25:33 | Build | Outpost |
Build order — QNA | Apachai Hopachai
86 actions detected in the replay
| 1:06 | Build | Town Center |
| 3:04 | Build | House |
| 3:33 | Create | Villager (Male) |
| 3:33 | Create | Villager (Male) |
| 3:34 | Create | Villager (Male) |
| 3:42 | Create | Villager (Male) |
| 3:42 | Create | Villager (Male) |
| 3:52 | Build | House |
| 4:06 | Build | House |
| 4:42 | Create | Villager (Male) |
| 4:42 | Create | Villager (Male) |
| 5:01 | Create | Villager (Male) |
| 5:01 | Create | Villager (Male) |
| 5:27 | Build | Lumber Camp |
| 5:32 | Create | Villager (Male) |
| 5:32 | Create | Villager (Male) |
| 5:50 | Create | Villager (Male) |
| 6:22 | Build | House |
| 6:33 | Create | Villager (Male) |
| 6:33 | Create | Villager (Male) |
| 7:15 | Build | House |
| 7:23 | Create | Villager (Male) |
| 7:24 | Create | Villager (Male) |
| 8:11 | Create | Villager (Male) |
| 8:11 | Create | Villager (Male) |
| 8:11 | Create | Villager (Male) |
| 8:21 | Create | Villager (Male) |
| 8:27 | Build | Mill |
| 9:07 | Create | Villager (Male) |
| 9:43 | Create | Villager (Male) |
| 9:53 | Build | House |
| 10:12 | Build | Mill |
| 10:23 | Create | Villager (Male) |
| 11:00 | Create | Villager (Male) |
| 11:08 | Build | Mining Camp |
| 11:12 | Create | Villager (Male) |
| 11:13 | Create | Villager (Male) |
| 11:21 | Research | Loom |
| 11:41 | Research | Feudal Age |
| 11:52 | Build | Palisade Wall |
| 11:54 | Build | Palisade Gate |
| 12:13 | Build | House |
| 12:17 | Build | Palisade Wall |
| 14:04 | Age | Feudal Age |
| 14:06 | Create | Villager (Male) |
| 14:06 | Create | Villager (Male) |
| 14:17 | Build | Market |
| 15:08 | Create | Villager (Male) |
| 15:11 | Build | Blacksmith |
| 15:37 | Create | Villager (Male) |
| 15:45 | Build | Mining Camp |
| 16:15 | Research | Castle Age |
| 16:22 | Build | Outpost |
| 17:10 | Build | Gate |
| 17:20 | Build | Watch Tower |
| 17:51 | Age | Castle Age |
| 17:59 | Create | Villager (Male) |
| 18:06 | Build | Town Center |
| 18:26 | Create | Villager (Male) |
| 18:38 | Build | Town Center |
| 19:37 | Create | Villager (Male) |
| 19:52 | Build | Monastery |
| 20:13 | Build | Farm |
| 20:32 | Build | Siege Workshop |
| 20:39 | Create | Monk |
| 20:51 | Create | Scorpion |
| 21:45 | Create | Villager (Male) |
| 21:50 | Create | Mangonel |
| 21:54 | Create | Villager (Male) |
| 22:27 | Create | Villager (Male) |
| 22:28 | Create | Villager (Male) |
| 23:22 | Build | Mill |
| 23:25 | Create | Villager (Male) |
| 23:56 | Create | Villager (Male) |
| 25:01 | Create | Villager (Male) |
| 25:23 | Build | Mining Camp |
| 25:28 | Build | Siege Workshop |
| 25:46 | Create | Villager (Male) |
| 26:00 | Research | Double-Bit Axe |
| 26:03 | Create | Mangonel |
| 26:29 | Build | House |
| 26:56 | Build | Town Center |
| 26:59 | Build | House |
| 27:55 | Build | Town Center |
| 28:23 | Create | Villager (Male) |
| 28:23 | Create | Villager (Male) |
Build order — Oni.TaToH
First 150 of 226 actions detected
| 0:34 | Build | Town Center |
| 0:54 | Build | Lumber Camp |
| 1:28 | Build | House |
| 1:29 | Build | Palisade Wall |
| 2:25 | Create | Villager (Male) |
| 2:26 | Create | Villager (Male) |
| 2:26 | Create | Villager (Male) |
| 2:26 | Create | Villager (Male) |
| 2:26 | Create | Villager (Male) |
| 3:42 | Create | Villager (Male) |
| 3:51 | Build | Lumber Camp |
| 4:14 | Build | House |
| 4:26 | Create | Villager (Male) |
| 4:38 | Create | Villager (Male) |
| 5:11 | Create | Villager (Male) |
| 5:22 | Build | House |
| 5:47 | Create | Villager (Male) |
| 5:47 | Create | Villager (Male) |
| 5:47 | Create | Villager (Male) |
| 5:55 | Build | Mill |
| 6:18 | Create | Villager (Male) |
| 6:27 | Build | House |
| 6:41 | Create | Villager (Male) |
| 6:44 | Create | Villager (Male) |
| 7:29 | Create | Villager (Male) |
| 7:54 | Create | Villager (Male) |
| 8:21 | Build | House |
| 8:27 | Create | Villager (Male) |
| 8:30 | Create | Villager (Male) |
| 9:02 | Research | Feudal Age |
| 9:02 | Research | Feudal Age |
| 9:43 | Build | House |
| 9:45 | Build | Palisade Wall |
| 9:46 | Build | Palisade Wall |
| 9:47 | Build | Palisade Wall |
| 10:10 | Build | Barracks |
| 10:32 | Create | Villager (Male) |
| 11:13 | Build | House |
| 11:17 | Age | Feudal Age |
| 11:17 | Create | Villager (Male) |
| 11:19 | Build | Stable |
| 11:21 | Research | Double-Bit Axe |
| 11:39 | Create | Villager (Male) |
| 11:49 | Build | Palisade Gate |
| 11:56 | Create | Villager (Male) |
| 11:58 | Build | House |
| 11:59 | Create | Scout Cavalry |
| 12:03 | Research | Horse Collar |
| 12:06 | Build | Farm |
| 12:08 | Create | Villager (Male) |
| 12:20 | Research | Loom |
| 12:21 | Create | Scout Cavalry |
| 12:33 | Build | House |
| 12:34 | Build | Palisade Wall |
| 12:35 | Build | Palisade Wall |
| 12:35 | Build | Palisade Wall |
| 12:42 | Create | Villager (Male) |
| 12:54 | Create | Scout Cavalry |
| 12:58 | Create | Villager (Male) |
| 13:00 | Build | Mill |
| 13:11 | Create | Villager (Male) |
| 13:16 | Build | Farm |
| 13:18 | Build | Farm |
| 13:22 | Create | Scout Cavalry |
| 13:30 | Create | Villager (Male) |
| 13:46 | Build | Blacksmith |
| 13:47 | Build | House |
| 14:08 | Create | Villager (Male) |
| 14:29 | Create | Villager (Male) |
| 14:31 | Build | House |
| 15:13 | Create | Villager (Male) |
| 15:27 | Build | Farm |
| 16:05 | Create | Villager (Male) |
| 16:17 | Build | Farm |
| 16:24 | Build | Lumber Camp |
| 16:42 | Research | Castle Age |
| 16:52 | Create | Scout Cavalry |
| 17:03 | Research | Scale Barding Armor |
| 17:04 | Research | Scale Barding Armor |
| 17:26 | Create | Scout Cavalry |
| 17:45 | Build | Farm |
| 17:47 | Build | Farm |
| 17:57 | Research | Forging |
| 18:37 | Research | Bloodlines |
| 18:37 | Research | Bloodlines |
| 18:52 | Create | Villager (Male) |
| 18:58 | Build | House |
| 18:58 | Build | House |
| 19:15 | Build | Mill |
| 19:22 | Age | Castle Age |
| 19:28 | Research | Light Cavalry (upgrade) |
| 19:29 | Create | Villager (Male) |
| 19:32 | Build | Town Center |
| 19:40 | Build | Town Center |
| 19:43 | Build | House |
| 19:44 | Build | House |
| 19:45 | Build | House |
| 19:50 | Build | Farm |
| 20:14 | Create | Villager (Male) |
| 20:17 | Create | Villager (Male) |
| 20:20 | Build | Farm |
| 20:38 | Create | Villager (Male) |
| 20:39 | Build | Farm |
| 20:40 | Build | Farm |
| 20:41 | Build | Farm |
| 20:42 | Create | Villager (Male) |
| 20:44 | Build | Farm |
| 21:00 | Create | Villager (Male) |
| 21:06 | Build | Farm |
| 21:08 | Build | Farm |
| 21:11 | Build | Farm |
| 21:16 | Build | Mill |
| 21:19 | Create | Villager (Male) |
| 21:30 | Create | Villager (Male) |
| 21:36 | Create | Villager (Male) |
| 21:37 | Build | Mining Camp |
| 21:51 | Create | Villager (Male) |
| 21:54 | Create | Villager (Male) |
| 22:00 | Create | Villager (Male) |
| 22:00 | Create | Villager (Male) |
| 22:02 | Build | Farm |
| 22:13 | Create | Villager (Male) |
| 22:13 | Create | Villager (Male) |
| 22:15 | Build | Farm |
| 22:20 | Create | Villager (Male) |
| 22:25 | Build | Mill |
| 22:27 | Build | House |
| 22:28 | Build | Mill |
| 22:29 | Create | Villager (Male) |
| 22:36 | Create | Villager (Male) |
| 22:37 | Build | Farm |
| 22:39 | Build | House |
| 22:40 | Build | House |
| 22:45 | Create | Villager (Male) |
| 22:51 | Create | Villager (Male) |
| 22:57 | Create | Villager (Male) |
| 23:03 | Build | Farm |
| 23:04 | Build | Farm |
| 23:06 | Create | Villager (Male) |
| 23:11 | Build | Mill |
| 23:13 | Create | Villager (Male) |
| 23:22 | Create | Villager (Male) |
| 23:47 | Create | Villager (Male) |
| 23:47 | Create | Villager (Male) |
| 23:49 | Research | Husbandry |
| 23:50 | Research | Husbandry |
| 23:51 | Create | Villager (Male) |
| 23:53 | Build | Farm |
| 23:56 | Create | Villager (Male) |
| 24:05 | Build | Outpost |
Build order — ZumZum
First 150 of 158 actions detected
| 0:38 | Build | Town Center |
| 1:21 | Build | House |
| 2:46 | Create | Villager (Male) |
| 2:46 | Create | Villager (Male) |
| 2:46 | Create | Villager (Male) |
| 2:46 | Create | Villager (Male) |
| 2:47 | Create | Villager (Male) |
| 3:37 | Create | Villager (Male) |
| 3:38 | Create | Villager (Male) |
| 4:11 | Create | Villager (Male) |
| 4:11 | Create | Villager (Male) |
| 4:16 | Build | Lumber Camp |
| 4:26 | Build | House |
| 4:42 | Create | Villager (Male) |
| 5:20 | Create | Villager (Male) |
| 5:20 | Create | Villager (Male) |
| 5:25 | Research | Loom |
| 5:42 | Create | Villager (Male) |
| 5:42 | Create | Villager (Male) |
| 5:42 | Create | Villager (Male) |
| 6:05 | Build | House |
| 6:12 | Create | Villager (Male) |
| 6:13 | Create | Villager (Male) |
| 6:45 | Create | Villager (Male) |
| 6:45 | Create | Villager (Male) |
| 6:47 | Build | Mill |
| 7:35 | Create | Villager (Male) |
| 7:36 | Create | Villager (Male) |
| 7:49 | Create | Villager (Male) |
| 7:49 | Create | Villager (Male) |
| 7:50 | Create | Villager (Male) |
| 8:25 | Build | House |
| 8:30 | Build | Mining Camp |
| 8:46 | Create | Villager (Male) |
| 9:06 | Create | Villager (Male) |
| 9:23 | Build | Farm |
| 9:30 | Build | Mill |
| 9:39 | Create | Villager (Male) |
| 9:52 | Create | Villager (Male) |
| 10:29 | Create | Villager (Male) |
| 10:50 | Create | Villager (Male) |
| 11:15 | Build | Barracks |
| 11:28 | Research | Feudal Age |
| 11:55 | Build | Palisade Wall |
| 11:58 | Build | House |
| 12:01 | Build | Palisade Wall |
| 12:16 | Create | Villager (Male) |
| 12:16 | Create | Villager (Male) |
| 13:41 | Age | Feudal Age |
| 13:46 | Build | Stable |
| 13:50 | Build | Blacksmith |
| 14:33 | Research | Castle Age |
| 15:08 | Research | Double-Bit Axe |
| 15:37 | Research | Bloodlines |
| 15:44 | Build | House |
| 16:22 | Create | Villager (Male) |
| 16:35 | Build | Palisade Wall |
| 16:39 | Build | Palisade Wall |
| 16:44 | Build | Palisade Wall |
| 16:47 | Build | Palisade Wall |
| 17:13 | Age | Castle Age |
| 17:15 | Create | Knight |
| 17:16 | Create | Knight |
| 17:36 | Build | Town Center |
| 17:41 | Create | Knight |
| 17:47 | Create | Villager (Male) |
| 17:51 | Build | House |
| 17:56 | Create | Villager (Male) |
| 18:15 | Create | Villager (Male) |
| 18:24 | Research | Scale Barding Armor |
| 18:24 | Create | Villager (Male) |
| 19:00 | Create | Villager (Male) |
| 19:02 | Create | Villager (Male) |
| 19:30 | Create | Villager (Male) |
| 19:32 | Create | Villager (Male) |
| 19:46 | Research | Horse Collar |
| 20:14 | Create | Villager (Male) |
| 20:19 | Build | Town Center |
| 20:28 | Create | Villager (Male) |
| 20:38 | Create | Knight |
| 20:51 | Create | Knight |
| 20:59 | Create | Villager (Male) |
| 21:01 | Build | Farm |
| 21:09 | Create | Villager (Male) |
| 21:42 | Create | Villager (Male) |
| 22:03 | Create | Villager (Male) |
| 22:04 | Create | Villager (Male) |
| 22:19 | Build | Farm |
| 22:40 | Create | Villager (Male) |
| 22:40 | Create | Villager (Male) |
| 22:53 | Create | Villager (Male) |
| 23:06 | Create | Villager (Male) |
| 23:09 | Build | Farm |
| 23:11 | Build | Farm |
| 23:14 | Create | Villager (Male) |
| 23:14 | Create | Villager (Male) |
| 23:25 | Create | Villager (Male) |
| 23:27 | Build | Farm |
| 23:29 | Build | Farm |
| 23:40 | Build | Farm |
| 23:40 | Build | Farm |
| 23:48 | Create | Villager (Male) |
| 23:50 | Build | Farm |
| 23:56 | Build | Farm |
| 23:56 | Build | Farm |
| 23:57 | Create | Villager (Male) |
| 23:57 | Create | Villager (Male) |
| 24:00 | Build | Farm |
| 24:16 | Build | Farm |
| 24:17 | Build | Farm |
| 24:18 | Create | Villager (Male) |
| 24:19 | Create | Villager (Male) |
| 24:26 | Create | Knight |
| 24:42 | Create | Villager (Male) |
| 24:46 | Build | House |
| 24:57 | Create | Villager (Male) |
| 24:58 | Create | Villager (Male) |
| 25:03 | Build | Farm |
| 25:06 | Build | Farm |
| 25:16 | Create | Knight |
| 25:16 | Create | Knight |
| 25:18 | Create | Villager (Male) |
| 25:18 | Create | Villager (Male) |
| 25:20 | Build | Farm |
| 25:20 | Build | Farm |
| 25:21 | Build | Farm |
| 25:28 | Create | Villager (Male) |
| 25:31 | Create | Villager (Male) |
| 25:36 | Build | House |
| 25:36 | Build | House |
| 25:44 | Create | Knight |
| 25:44 | Create | Knight |
| 25:46 | Create | Villager (Male) |
| 25:50 | Build | Farm |
| 25:58 | Create | Villager (Male) |
| 26:02 | Build | Mill |
| 26:11 | Create | Villager (Male) |
| 26:13 | Build | Farm |
| 26:16 | Build | Farm |
| 26:17 | Create | Villager (Male) |
| 26:23 | Create | Villager (Male) |
| 26:25 | Build | House |
| 26:30 | Create | Villager (Male) |
| 26:54 | Research | Wheelbarrow |
| 27:12 | Research | Chain Barding Armor |
| 27:18 | Build | Mining Camp |
| 27:19 | Create | Villager (Male) |
| 27:26 | Create | Villager (Male) |
| 27:30 | Build | Farm |
| 27:31 | Build | Farm |
Build order — Lauth3
131 actions detected in the replay
| 0:16 | Build | Town Center |
| 0:49 | Build | House |
| 2:33 | Create | Villager (Male) |
| 2:33 | Create | Villager (Male) |
| 2:34 | Create | Villager (Male) |
| 2:34 | Create | Villager (Male) |
| 3:54 | Create | Villager (Male) |
| 3:54 | Create | Villager (Male) |
| 4:20 | Create | Villager (Male) |
| 4:20 | Create | Villager (Male) |
| 4:51 | Create | Villager (Male) |
| 4:51 | Create | Villager (Male) |
| 4:59 | Build | Lumber Camp |
| 5:27 | Build | House |
| 5:34 | Research | Loom |
| 5:37 | Create | Villager (Male) |
| 5:37 | Create | Villager (Male) |
| 5:40 | Create | Villager (Male) |
| 5:40 | Create | Villager (Male) |
| 5:50 | Build | House |
| 5:51 | Build | Palisade Wall |
| 5:59 | Create | Villager (Male) |
| 5:59 | Create | Villager (Male) |
| 6:28 | Create | Villager (Male) |
| 6:28 | Create | Villager (Male) |
| 6:47 | Build | House |
| 6:47 | Build | Palisade Wall |
| 6:53 | Create | Villager (Male) |
| 6:53 | Create | Villager (Male) |
| 7:18 | Create | Villager (Male) |
| 7:19 | Create | Villager (Male) |
| 7:47 | Build | Mill |
| 9:12 | Create | Villager (Male) |
| 9:46 | Research | Feudal Age |
| 9:46 | Research | Feudal Age |
| 10:16 | Build | Barracks |
| 10:19 | Create | Villager (Male) |
| 10:46 | Build | Mining Camp |
| 10:51 | Create | Villager (Male) |
| 11:56 | Age | Feudal Age |
| 11:57 | Build | Archery Range |
| 12:13 | Build | Watch Tower |
| 12:25 | Create | Villager (Male) |
| 12:25 | Create | Villager (Male) |
| 13:04 | Build | House |
| 13:40 | Create | Skirmisher |
| 13:40 | Create | Skirmisher |
| 13:56 | Create | Villager (Male) |
| 14:08 | Create | Skirmisher |
| 14:20 | Create | Skirmisher |
| 14:22 | Build | House |
| 14:35 | Build | House |
| 14:40 | Create | Skirmisher |
| 14:50 | Create | Villager (Male) |
| 14:58 | Build | House |
| 15:05 | Create | Skirmisher |
| 15:16 | Create | Villager (Male) |
| 15:17 | Build | House |
| 15:39 | Build | House |
| 16:05 | Create | Villager (Male) |
| 16:05 | Create | Villager (Male) |
| 16:23 | Research | Double-Bit Axe |
| 16:23 | Research | Double-Bit Axe |
| 16:23 | Research | Double-Bit Axe |
| 16:24 | Create | Villager (Male) |
| 16:34 | Create | Skirmisher |
| 16:34 | Create | Villager (Male) |
| 16:37 | Research | Horse Collar |
| 16:37 | Research | Horse Collar |
| 17:06 | Build | Watch Tower |
| 17:27 | Build | Blacksmith |
| 17:32 | Create | Archer |
| 17:32 | Create | Archer |
| 17:33 | Create | Archer |
| 18:15 | Create | Villager (Male) |
| 18:15 | Create | Villager (Male) |
| 18:21 | Create | Archer |
| 18:21 | Create | Archer |
| 19:11 | Build | Mill |
| 19:38 | Build | Palisade Wall |
| 19:39 | Build | House |
| 19:44 | Build | Mill |
| 19:46 | Build | Farm |
| 19:46 | Build | Farm |
| 19:47 | Build | Farm |
| 19:48 | Build | Farm |
| 19:49 | Build | Farm |
| 19:50 | Build | Farm |
| 20:18 | Build | Palisade Gate |
| 20:20 | Build | Palisade Wall |
| 20:23 | Build | Palisade Wall |
| 20:25 | Create | Villager (Male) |
| 20:26 | Create | Villager (Male) |
| 20:46 | Build | Farm |
| 20:47 | Build | Farm |
| 21:08 | Build | Farm |
| 21:09 | Build | Farm |
| 21:10 | Create | Archer |
| 21:11 | Create | Spearman |
| 21:11 | Create | Spearman |
| 21:31 | Build | Farm |
| 21:49 | Create | Villager (Male) |
| 21:50 | Create | Villager (Male) |
| 21:57 | Create | Villager (Male) |
| 21:58 | Build | Farm |
| 21:59 | Build | Farm |
| 22:17 | Create | Spearman |
| 22:44 | Create | Villager (Male) |
| 22:44 | Create | Villager (Male) |
| 22:47 | Build | Farm |
| 23:00 | Create | Villager (Male) |
| 23:00 | Create | Villager (Male) |
| 23:00 | Create | Villager (Male) |
| 23:03 | Build | Farm |
| 23:07 | Build | Lumber Camp |
| 24:10 | Build | Mill |
| 24:16 | Build | Watch Tower |
| 24:18 | Create | Villager (Male) |
| 24:21 | Build | Market |
| 24:31 | Create | Villager (Male) |
| 24:34 | Create | Villager (Male) |
| 25:37 | Create | Villager (Male) |
| 25:50 | Research | Castle Age |
| 25:51 | Research | Castle Age |
| 26:16 | Create | Spearman |
| 26:16 | Create | Spearman |
| 27:05 | Create | Villager (Male) |
| 27:05 | Create | Villager (Male) |
| 27:11 | Research | Stone Mining |
| 27:11 | Research | Gold Mining |
| 27:11 | Research | Gold Mining |
Build order — [R1] 12Tirador
First 150 of 236 actions detected
| 0:21 | Build | Town Center |
| 0:42 | Build | House |
| 1:24 | Build | House |
| 1:38 | Build | House |
| 1:52 | Build | House |
| 2:08 | Build | House |
| 2:39 | Create | Villager (Male) |
| 2:45 | Build | House |
| 2:49 | Create | Villager (Male) |
| 2:49 | Create | Villager (Male) |
| 2:59 | Build | House |
| 3:10 | Create | Villager (Male) |
| 3:24 | Build | House |
| 3:33 | Build | House |
| 3:41 | Create | Villager (Male) |
| 3:45 | Build | House |
| 3:57 | Build | House |
| 4:34 | Create | Villager (Male) |
| 4:35 | Create | Villager (Male) |
| 5:04 | Create | Villager (Male) |
| 5:12 | Create | Villager (Male) |
| 5:28 | Build | House |
| 5:42 | Build | House |
| 5:51 | Build | Palisade Wall |
| 6:00 | Build | Settlement |
| 6:07 | Create | Villager (Male) |
| 6:28 | Create | Villager (Male) |
| 6:29 | Create | Villager (Male) |
| 6:30 | Create | Villager (Male) |
| 7:35 | Build | House |
| 7:48 | Build | House |
| 7:56 | Create | Villager (Male) |
| 8:06 | Create | Villager (Male) |
| 8:18 | Create | Villager (Male) |
| 8:26 | Create | Villager (Male) |
| 8:34 | Create | Villager (Male) |
| 9:44 | Create | Villager (Male) |
| 10:03 | Build | Settlement |
| 10:28 | Create | Villager (Male) |
| 10:54 | Build | House |
| 10:59 | Create | Villager (Male) |
| 11:11 | Research | Feudal Age |
| 11:12 | Research | Loom |
| 11:13 | Research | Feudal Age |
| 11:56 | Create | Villager (Male) |
| 11:57 | Create | Villager (Male) |
| 12:03 | Build | Barracks |
| 12:43 | Build | Palisade Wall |
| 13:18 | Build | Palisade Wall |
| 14:00 | Age | Feudal Age |
| 14:00 | Build | Palisade Wall |
| 14:01 | Build | Blacksmith |
| 14:03 | Build | Market |
| 14:05 | Build | Palisade Wall |
| 14:17 | Research | Double-Bit Axe |
| 14:31 | Create | Unit 2550 |
| 14:32 | Create | Unit 2550 |
| 14:35 | Create | Villager (Male) |
| 14:46 | Build | Settlement |
| 14:52 | Research | Castle Age |
| 14:53 | Create | Unit 2550 |
| 15:22 | Build | Palisade Gate |
| 15:25 | Build | Palisade Wall |
| 15:30 | Research | Tech 1402 |
| 15:36 | Create | Unit 2550 |
| 15:37 | Create | Unit 2550 |
| 15:56 | Build | Barracks |
| 16:07 | Research | Scale Mail Armor |
| 16:08 | Create | Unit 2550 |
| 16:23 | Create | Unit 2550 |
| 16:29 | Create | Villager (Male) |
| 17:00 | Create | Unit 2550 |
| 17:01 | Create | Unit 2550 |
| 17:02 | Create | Villager (Male) |
| 17:03 | Create | Villager (Male) |
| 17:07 | Create | Unit 2550 |
| 17:11 | Create | Villager (Male) |
| 17:22 | Create | Unit 2550 |
| 17:22 | Create | Unit 2550 |
| 17:32 | Age | Castle Age |
| 17:34 | Build | Palisade Gate |
| 17:36 | Create | Villager (Male) |
| 17:36 | Create | Villager (Male) |
| 17:40 | Build | Town Center |
| 17:44 | Research | Tech 1351 |
| 17:44 | Research | Squires |
| 17:45 | Create | Villager (Male) |
| 18:00 | Create | Villager (Male) |
| 18:01 | Create | Unit 2550 |
| 18:02 | Create | Unit 2550 |
| 18:06 | Build | Farm |
| 18:24 | Create | Villager (Male) |
| 18:44 | Create | Villager (Male) |
| 18:49 | Build | Town Center |
| 18:56 | Create | Villager (Male) |
| 19:08 | Create | Unit 2550 ×4 |
| 19:11 | Create | Villager (Male) |
| 19:12 | Create | Villager (Male) |
| 19:29 | Create | Unit 2550 |
| 19:36 | Create | Unit 2550 |
| 20:00 | Create | Villager (Male) |
| 20:05 | Create | Unit 2550 |
| 20:11 | Create | Villager (Male) |
| 20:18 | Create | Unit 2550 |
| 20:19 | Create | Unit 2550 |
| 20:30 | Create | Villager (Male) |
| 20:30 | Create | Villager (Male) |
| 20:37 | Create | Villager (Male) |
| 20:50 | Create | Villager (Male) |
| 21:06 | Create | Villager (Male) |
| 21:14 | Create | Villager (Male) |
| 21:30 | Create | Villager (Male) |
| 21:40 | Create | Villager (Male) |
| 21:40 | Create | Villager (Male) |
| 21:42 | Build | Farm |
| 21:42 | Build | Farm |
| 21:42 | Build | Farm |
| 21:43 | Build | Farm |
| 21:43 | Build | Farm |
| 21:43 | Build | Farm |
| 21:43 | Build | Farm |
| 21:47 | Research | Horse Collar |
| 21:47 | Create | Villager (Male) |
| 21:48 | Create | Villager (Male) |
| 22:09 | Create | Villager (Male) |
| 22:34 | Create | Villager (Male) |
| 22:34 | Create | Villager (Male) |
| 22:35 | Create | Villager (Male) |
| 22:35 | Create | Villager (Male) |
| 22:37 | Build | Farm |
| 22:39 | Build | Farm |
| 22:39 | Build | Farm |
| 22:40 | Build | Farm |
| 22:40 | Build | Farm |
| 22:40 | Build | Farm |
| 22:41 | Create | Villager (Male) |
| 22:45 | Create | Villager (Male) |
| 22:52 | Create | Villager (Male) |
| 22:52 | Create | Villager (Male) |
| 23:03 | Research | Chain Mail Armor |
| 23:03 | Create | Villager (Male) |
| 23:15 | Create | Villager (Male) |
| 23:17 | Create | Unit 2550 |
| 23:17 | Create | Unit 2550 |
| 23:24 | Create | Villager (Male) |
| 23:38 | Create | Villager (Male) |
| 23:40 | Create | Unit 2550 |
| 23:44 | Build | Farm |
| 23:44 | Build | Farm |
| 23:44 | Build | Farm |
Build order — wR.Moon
First 150 of 240 actions detected
| 0:05 | Build | Town Center |
| 0:23 | Build | Settlement |
| 2:20 | Create | Villager (Male) |
| 2:20 | Create | Villager (Male) |
| 2:21 | Create | Villager (Male) |
| 2:21 | Create | Villager (Male) |
| 2:21 | Create | Villager (Male) |
| 2:46 | Create | Villager (Male) |
| 2:46 | Create | Villager (Male) |
| 3:22 | Create | Villager (Male) |
| 3:22 | Create | Villager (Male) |
| 3:49 | Create | Villager (Male) |
| 3:50 | Create | Villager (Male) |
| 3:50 | Create | Villager (Male) |
| 4:11 | Create | Villager (Male) |
| 4:11 | Create | Villager (Male) |
| 4:16 | Build | Settlement |
| 4:27 | Build | House |
| 4:34 | Build | Settlement |
| 4:37 | Create | Villager (Male) |
| 4:37 | Create | Villager (Male) |
| 4:57 | Create | Villager (Male) |
| 5:19 | Create | Villager (Male) |
| 5:34 | Create | Villager (Male) |
| 5:35 | Create | Villager (Male) |
| 5:47 | Create | Villager (Male) |
| 5:47 | Create | Villager (Male) |
| 6:22 | Build | House |
| 6:23 | Create | Villager (Male) |
| 6:23 | Create | Villager (Male) |
| 6:24 | Create | Villager (Male) |
| 6:24 | Create | Villager (Male) |
| 6:32 | Build | House |
| 6:44 | Build | House |
| 6:51 | Create | Villager (Male) |
| 6:52 | Create | Villager (Male) |
| 6:57 | Build | House |
| 7:12 | Build | House |
| 7:33 | Create | Villager (Male) |
| 8:08 | Build | House |
| 8:13 | Build | House |
| 8:18 | Build | Settlement |
| 8:22 | Create | Villager (Male) |
| 8:47 | Build | Settlement |
| 8:52 | Create | Villager (Male) |
| 10:14 | Create | Villager (Male) |
| 10:20 | Build | Settlement |
| 10:36 | Research | Feudal Age |
| 12:21 | Create | Villager (Male) |
| 12:21 | Create | Villager (Male) |
| 12:50 | Age | Feudal Age |
| 12:51 | Build | Market |
| 12:52 | Build | Blacksmith |
| 12:54 | Research | Double-Bit Axe |
| 12:55 | Research | Double-Bit Axe |
| 13:40 | Research | Castle Age |
| 13:40 | Research | Castle Age |
| 14:11 | Build | Palisade Wall |
| 14:12 | Build | Palisade Wall |
| 14:13 | Build | Palisade Wall |
| 14:14 | Build | Palisade Wall |
| 14:15 | Build | Palisade Wall |
| 14:16 | Build | Palisade Wall |
| 14:17 | Build | Palisade Wall |
| 14:19 | Build | Palisade Wall |
| 14:19 | Build | Palisade Wall |
| 14:20 | Build | House |
| 14:21 | Build | Palisade Wall |
| 14:30 | Build | Palisade Wall |
| 14:31 | Build | Palisade Wall |
| 14:33 | Build | Palisade Wall |
| 14:34 | Build | Palisade Wall |
| 14:34 | Research | Stone Mining |
| 14:36 | Build | Palisade Wall |
| 14:38 | Build | Palisade Wall |
| 14:55 | Build | Palisade Wall |
| 15:00 | Build | Palisade Wall |
| 15:01 | Build | Palisade Wall |
| 15:02 | Build | Palisade Wall |
| 15:03 | Build | Palisade Wall |
| 15:05 | Build | Palisade Wall |
| 15:25 | Research | Horse Collar |
| 16:06 | Build | Palisade Wall |
| 16:10 | Build | Palisade Wall |
| 16:11 | Build | Palisade Wall |
| 16:12 | Build | Palisade Wall |
| 16:21 | Age | Castle Age |
| 16:22 | Create | Villager (Male) |
| 16:24 | Build | Castle |
| 16:26 | Research | Bow Saw |
| 16:26 | Research | Bow Saw |
| 16:33 | Create | Villager (Male) |
| 16:38 | Research | Loom |
| 17:05 | Create | Villager (Male) |
| 17:13 | Build | Palisade Gate |
| 17:30 | Create | Villager (Male) |
| 17:47 | Build | Settlement |
| 17:53 | Research | Gold Mining |
| 17:53 | Research | Gold Mining |
| 17:54 | Research | Heavy Plow |
| 17:54 | Research | Heavy Plow |
| 17:55 | Create | Villager (Male) |
| 18:10 | Create | Unit 2562 |
| 18:18 | Create | Villager (Male) |
| 18:25 | Build | Palisade Wall |
| 18:29 | Create | Unit 2562 |
| 18:29 | Create | Unit 2562 |
| 18:30 | Create | Unit 2562 |
| 18:54 | Create | Villager (Male) |
| 18:54 | Create | Villager (Male) |
| 19:06 | Build | Town Center |
| 19:08 | Build | Palisade Wall |
| 19:10 | Build | Palisade Wall |
| 19:16 | Research | Fletching |
| 19:17 | Create | Unit 2562 |
| 19:31 | Create | Villager (Male) |
| 19:32 | Create | Villager (Male) |
| 19:40 | Build | Settlement |
| 19:52 | Create | Unit 2562 |
| 19:52 | Create | Unit 2562 |
| 20:01 | Create | Unit 2562 |
| 20:02 | Create | Unit 2562 |
| 20:09 | Create | Villager (Male) |
| 20:09 | Create | Villager (Male) |
| 20:25 | Build | Farm |
| 20:35 | Create | Villager (Male) |
| 20:35 | Create | Villager (Male) |
| 20:36 | Create | Villager (Male) |
| 20:37 | Create | Unit 2562 |
| 20:37 | Create | Unit 2562 |
| 20:56 | Create | Unit 2562 |
| 20:56 | Create | Unit 2562 |
| 20:59 | Create | Villager (Male) |
| 20:59 | Create | Villager (Male) |
| 20:59 | Create | Villager (Male) |
| 21:02 | Build | Palisade Wall |
| 21:03 | Build | Palisade Wall |
| 21:04 | Build | Palisade Wall |
| 21:06 | Build | House |
| 21:07 | Build | Palisade Wall |
| 21:12 | Create | Unit 2562 |
| 21:15 | Create | Villager (Male) |
| 21:15 | Create | Villager (Male) |
| 21:22 | Create | Villager (Male) |
| 21:22 | Create | Villager (Male) |
| 21:31 | Create | Unit 2562 |
| 21:43 | Build | Farm |
| 21:44 | Build | Farm |
| 21:44 | Create | Villager (Male) |
| 21:44 | Create | Villager (Male) |
Match timeline
| 1:29 | Oni.TaToH · wall_segment Palisade Wall x1 |
| 2:27 | [R1] Pume · wall_segment Palisade Wall x1 |
| 2:33 | [R1] Pume · wall_segment Palisade Wall x1 |
| 2:36 | [R1] Pume · wall_segment Palisade Wall x1 |
| 2:39 | [R1] Pume · wall_segment Palisade Wall x1 |
| 2:56 | [R1] Pume · wall_segment Palisade Wall x1 |
| 5:51 | [R1] 12Tirador · wall_segment Palisade Wall x1 |
| 5:51 | Lauth3 · wall_segment Palisade Wall x1 |
| 6:25 | [R1] PoXoLo · wall_segment Palisade Wall x2 |
| 6:26 | [R1] PoXoLo · wall_segment Palisade Wall x1 |
| 6:47 | Lauth3 · wall_segment Palisade Wall x1 |
| 6:50 | [R1] Pume · wall_segment Palisade Wall x1 |
| 6:55 | [R1] Pume · wall_segment Palisade Wall x1 |
| 6:59 | [R1] Pume · wall_segment Palisade Wall x1 |
| 7:07 | [R1] Pume · wall_segment Palisade Wall x1 |
| 7:15 | [R1] Pume · wall_segment Palisade Wall x1 |
| 7:21 | [R1] Pume · wall_segment Palisade Wall x1 |
| 8:41 | [R1] PoXoLo · wall_segment Palisade Wall x9 |
| 8:43 | [R1] PoXoLo · wall_segment Palisade Wall x1 |
| 8:49 | [R1] Pume · wall_segment Palisade Wall x1 |
| 9:45 | Oni.TaToH · wall_segment Palisade Wall x1 |
| 9:46 | Oni.TaToH · wall_segment Palisade Wall x3 |
| 9:47 | Oni.TaToH · wall_segment Palisade Wall x6 |
| 10:10 | Oni.TaToH · first_building Barracks |
| 10:12 | [R1] Pume · first_building Barracks |
| 10:16 | Lauth3 · first_building Barracks |
| 11:15 | ZumZum · first_building Barracks |
| 11:17 | Oni.TaToH · age_up feudal |
| 11:19 | Oni.TaToH · first_building Stable |
| 11:22 | [R1] Pume · age_up feudal |
| 11:25 | [R1] Pume · first_building Archery Range |
| 11:35 | [R1] PoXoLo · wall_segment Palisade Wall x4 |
| 11:35 | [R1] PoXoLo · wall_segment Palisade Wall x1 |
| 11:52 | QNA | Apachai Hopachai · wall_segment Palisade Wall x6 |
| 11:55 | ZumZum · wall_segment Palisade Wall x1 |
| 11:56 | Lauth3 · age_up feudal |
| 11:57 | Lauth3 · first_building Archery Range |
| 12:01 | ZumZum · wall_segment Palisade Wall x1 |
| 12:03 | [R1] 12Tirador · first_building Barracks |
| 12:17 | QNA | Apachai Hopachai · wall_segment Palisade Wall x6 |
| 12:26 | [R1] Pume · wall_segment Palisade Wall x1 |
| 12:27 | [R1] Pume · wall_segment Palisade Wall x1 |
| 12:29 | [R1] Pume · wall_segment Palisade Wall x1 |
| 12:29 | [R1] PoXoLo · age_up feudal |
| 12:34 | Oni.TaToH · wall_segment Palisade Wall x1 |
| 12:35 | Oni.TaToH · wall_segment Palisade Wall x1 |
| 12:35 | Oni.TaToH · wall_segment Palisade Wall x1 |
| 12:43 | [R1] 12Tirador · wall_segment Palisade Wall x9 |
| 12:50 | wR.Moon · age_up feudal |
| 13:18 | [R1] 12Tirador · wall_segment Palisade Wall x5 |
| 13:22 | [R1] PoXoLo · first_market_sell 100 wood |
| 13:23 | [R1] PoXoLo · first_market_buy 100 food |
| 13:25 | [R1] Pume · wall_segment Palisade Wall x4 |
| 13:41 | ZumZum · age_up feudal |
| 13:46 | ZumZum · first_building Stable |
| 14:00 | [R1] 12Tirador · age_up feudal |
| 14:00 | [R1] 12Tirador · wall_segment Palisade Wall x1 |
| 14:04 | QNA | Apachai Hopachai · age_up feudal |
| 14:05 | [R1] 12Tirador · wall_segment Palisade Wall x1 |
| 14:11 | wR.Moon · wall_segment Palisade Wall x1 |
| 14:12 | wR.Moon · wall_segment Palisade Wall x1 |
| 14:13 | wR.Moon · wall_segment Palisade Wall x1 |
| 14:14 | wR.Moon · wall_segment Palisade Wall x1 |
| 14:15 | wR.Moon · wall_segment Palisade Wall x1 |
| 14:16 | [R1] Pume · wall_segment Palisade Wall x1 |
| 14:16 | wR.Moon · wall_segment Palisade Wall x1 |
| 14:17 | wR.Moon · wall_segment Palisade Wall x1 |
| 14:19 | wR.Moon · wall_segment Palisade Wall x1 |
| 14:19 | wR.Moon · wall_segment Palisade Wall x1 |
| 14:21 | wR.Moon · wall_segment Palisade Wall x1 |
| 14:30 | wR.Moon · wall_segment Palisade Wall x1 |
| 14:31 | wR.Moon · wall_segment Palisade Wall x1 |
| 14:33 | wR.Moon · wall_segment Palisade Wall x1 |
| 14:34 | wR.Moon · wall_segment Palisade Wall x1 |
| 14:36 | wR.Moon · wall_segment Palisade Wall x1 |
| 14:38 | wR.Moon · wall_segment Palisade Wall x1 |
| 14:39 | [R1] Pume · wall_segment Palisade Wall x1 |
| 14:55 | wR.Moon · wall_segment Palisade Wall x1 |
| 15:00 | wR.Moon · wall_segment Palisade Wall x1 |
| 15:01 | wR.Moon · wall_segment Palisade Wall x1 |
| 15:02 | wR.Moon · wall_segment Palisade Wall x1 |
| 15:03 | wR.Moon · wall_segment Palisade Wall x1 |
| 15:05 | wR.Moon · wall_segment Palisade Wall x1 |
| 15:25 | [R1] 12Tirador · wall_segment Palisade Wall x5 |
| 15:49 | [R1] Pume · first_building Dock |
| 16:06 | wR.Moon · wall_segment Palisade Wall x1 |
| 16:10 | wR.Moon · wall_segment Palisade Wall x1 |
| 16:11 | wR.Moon · wall_segment Palisade Wall x1 |
| 16:11 | [R1] PoXoLo · age_up castle |
| 16:12 | wR.Moon · wall_segment Palisade Wall x1 |
| 16:20 | [R1] PoXoLo · first_building Castle |
| 16:21 | wR.Moon · age_up castle |
| 16:24 | wR.Moon · first_building Castle |
| 16:35 | ZumZum · wall_segment Palisade Wall x1 |
| 16:38 | wR.Moon · first_market_sell 100 wood |
| 16:39 | ZumZum · wall_segment Palisade Wall x1 |
| 16:44 | ZumZum · wall_segment Palisade Wall x1 |
| 16:47 | ZumZum · wall_segment Palisade Wall x1 |
| 17:13 | ZumZum · age_up castle |
| 17:32 | [R1] 12Tirador · age_up castle |
| 17:51 | QNA | Apachai Hopachai · age_up castle |
| 18:20 | QNA | Apachai Hopachai · first_market_buy 100 wood |
| 18:25 | wR.Moon · wall_segment Palisade Wall x1 |
| 18:30 | [R1] 12Tirador · first_market_buy 100 wood |
| 19:08 | wR.Moon · wall_segment Palisade Wall x1 |
| 19:10 | wR.Moon · wall_segment Palisade Wall x2 |
| 19:18 | [R1] PoXoLo · first_building Siege Workshop |
| 19:22 | [R1] Pume · first_market_buy 100 stone |
| 19:22 | Oni.TaToH · age_up castle |
| 19:38 | Lauth3 · wall_segment Palisade Wall x1 |
| 19:47 | [R1] Pume · wall_segment Palisade Wall x1 |
| 19:52 | QNA | Apachai Hopachai · first_building Monastery |
| 20:20 | Lauth3 · wall_segment Palisade Wall x1 |
| 20:23 | Lauth3 · wall_segment Palisade Wall x1 |
| 20:32 | QNA | Apachai Hopachai · first_building Siege Workshop |
| 21:02 | wR.Moon · wall_segment Palisade Wall x1 |
| 21:03 | wR.Moon · wall_segment Palisade Wall x1 |
| 21:04 | wR.Moon · wall_segment Palisade Wall x1 |
| 21:07 | wR.Moon · wall_segment Palisade Wall x1 |
| 21:58 | [R1] Pume · wall_segment Palisade Wall x1 |
| 22:03 | [R1] Pume · wall_segment Palisade Wall x1 |
| 22:51 | [R1] Pume · wall_segment Palisade Wall x4 |
| 22:55 | [R1] Pume · wall_segment Palisade Wall x7 |
| 22:58 | [R1] Pume · wall_segment Palisade Wall x1 |
| 23:00 | [R1] Pume · wall_segment Palisade Wall x1 |
| 23:08 | wR.Moon · first_market_buy 100 wood |
| 24:30 | [R1] Pume · wall_segment Palisade Wall x1 |
| 24:44 | [R1] PoXoLo · first_building Monastery |
| 25:41 | Lauth3 · first_market_sell 100 wood |
| 25:43 | Lauth3 · first_market_buy 100 food |
| 26:13 | QNA | Apachai Hopachai · first_market_sell 100 wood |
| 26:35 | [R1] Pume · wall_segment Palisade Wall x1 |
| 26:39 | [R1] Pume · wall_segment Palisade Wall x2 |
| 26:43 | [R1] Pume · wall_segment Palisade Wall x1 |
| 27:08 | [R1] Pume · wall_segment Palisade Wall x1 |
| 27:09 | [R1] Pume · wall_segment Palisade Wall x1 |
| 27:17 | [R1] Pume · wall_segment Stone Wall x1 |
| 27:18 | [R1] Pume · wall_segment Stone Wall x1 |
| 27:24 | [R1] Pume · wall_segment Stone Wall x1 |
| 27:24 | [R1] Pume · wall_segment Stone Wall x1 |
| 27:27 | [R1] Pume · wall_segment Stone Wall x1 |
| 27:32 | [R1] Pume · wall_segment Stone Wall x1 |
| 27:36 | [R1] Pume · wall_segment Stone Wall x1 |
| 28:19 | wR.Moon · resign |
[ AI ANALYSIS · 1 CREDIT ]
What really happened in this match?
Wolo.gg analyzes every decision: build order, eco, micro, common mistakes by bracket. Personalized analysis on WhatsApp or Discord in 30 seconds.
Civ guide
Chinese
Perfil
PoXoLo